 Dungeon Crawl Stone Soup version 0.23.2-33-g5129a83184 (webtiles) character file.

Game seed: 7430312098245876480

3650 Folque the Conjurer (level 9, -1/74 HPs)
             Began as a Demigod Conjurer on July 10, 2019.
             Slain by a wyvern (11 damage)
             ... on level 8 of the Dungeon.
             The game lasted 00:29:08 (8825 turns).

Folque the Conjurer (Demigod Conjurer)              Turns: 8825, Time: 00:29:09

Health: -1/74      AC:  6    Str: 13    XL:     9   Next: 58%
Magic:  22/31      EV: 13    Int: 23    God:
Gold:   419        SH:  4    Dex: 16    Spells: 1/14 levels left

rFire    . . .     SeeInvis .   y - staff of power (curse)
rCold    . . .     Gourm    .   (no shield)
rNeg     . . .     Faith    .   I - +0 ring mail
rPois    .         Spirit   .   (no helmet)
rElec    .         Reflect  +   (no cloak)
rCorr    .         Harm     .   (no gloves)
MR       .....                  (no boots)
Stlth    +.........             w - +4 amulet of reflection
HPRegen  0.22/turn              (no ring)
MPRegen  0.22/turn              (no ring)

@: lethally poisoned (-1 -> -3)
A: high mp 1
a: no special abilities


You were on level 8 of the Dungeon.
You were near starving.

You visited 2 branches of the dungeon, and saw 9 of its levels.

You collected 419 gold pieces.

Inventory:

Hand Weapons
 k - a +0 mace
 v - a +0 short sword of flaming
 K - a +3 rapier
Missiles
 g - 7 javelins (quivered)
Armour
 a - a +0 robe
 I - a +0 ring mail (worn)
Magical Staves
 y - a cursed staff of power (weapon)
Jewellery
 e - a cursed ring of teleportation {unknown}
 w - a +4 amulet of reflection (around neck)
 B - an uncursed ring of positive energy {unknown}
 G - an uncursed ring of flight {unknown}
Wands
 E - a wand of polymorph (10)
 J - a wand of enslavement (13)
Scrolls
 b - 3 scrolls of identify
 h - a scroll of fear {unknown}
 j - 2 scrolls of enchant weapon {unknown}
 p - 2 scrolls of teleportation {unknown}
 r - a scroll of amnesia
 s - 3 scrolls of fog {unknown}
 u - 2 scrolls of immolation {unknown}
 x - a scroll of magic mapping {unknown}
 z - 3 scrolls of remove curse {unknown}
 C - a scroll of enchant armour {unknown}
 D - a scroll of blinking {unknown}
 H - a scroll of torment {unknown}
Potions
 d - a potion of mutation {unknown}
 f - a potion of resistance {unknown}
 i - a potion of haste {unknown}
 m - a potion of heal wounds {unknown}
 n - a potion of curing {unknown}
 o - a potion of brilliance
 q - a potion of berserk rage {unknown}
 t - a potion of agility {unknown}
 A - a potion of lignification {unknown}
Comestibles
 c - 10 rations


   Skills:
 + Level 5.5 Fighting
 - Level 6.0 Armour
 - Level 4.1 Dodging
 - Level 1.7 Stealth
 - Level 3.0 Spellcasting
 + Level 7.9 Conjurations
 - Level 5.0 Hexes


You had one spell level left.
You knew the following spells:

 Your Spells              Type           Power        Failure   Level  Hunger
a - Magic Dart            Conj           ####         1%          1    None
b - Searing Ray           Conj           #####.       1%          2    ##.....
c - Dazzling Spray        Conj/Hex       ####..       4%          3    ###....
d - Fulminant Prism       Conj/Hex       ####......   16%         4    ####...
e - Static Discharge      Conj/Air       ###.....     14%         3    ###....

Your spell library contained the following spells:

 Spells                   Type           Power        Failure   Level  Hunger
 Shock                    Conj/Air       ###.         4%          1    None
 Iskenderun's Mystic Bla  Conj           #####...     9%          4    ####...
 Swiftness                Chrm/Air       #.......     34%         2    ##.....
 Force Lance              Conj/Tloc      ###.....     41%         4    ####...
 Lightning Bolt           Conj/Air       ###.......   77%         5    ######.
 Airstrike                Air            #.........   92%         4    ####...


Dungeon Overview and Level Annotations

Branches:
Dungeon (8/15)             Temple (1/1) D:4
   Lair: D:8-11


Innate Abilities, Weirdness & Mutations

You have an increased reservoir of magic. (+10% MP)


Message History

You don't have enough magic to cast that spell.
The wyvern closely misses you.
You feel sick. Magic courses through your body. The wyvern bites you!
* * * LOW HITPOINT WARNING * * *
Casting: Fulminant Prism (slightly dangerous; 16% risk of failure)
Confirm with . or Enter, or press ? or * to list all spells.
Aiming: Fulminant Prism (slightly dangerous; 16% risk of failure)
Press: ? - help, Dir - move target cursor You conjure a prism of explosive energy!
You are near starving!
You feel sick. The wyvern misses you. The wyvern barely misses you.
Your fulminant prism crackles loudly.
Casting: Fulminant Prism (slightly dangerous; 16% risk of failure)
Confirm with . or Enter, or press ? or * to list all spells.
Aiming: Fulminant Prism (slightly dangerous; 16% risk of failure)
Press: ? - help, Dir - move target cursor You conjure a prism of explosive energy!
You feel sick. The wyvern closely misses you. The wyvern bites you!
You die...

#..........# ########
#####.........# #######
.>............###......#
#####.........##........
#..........#.........
#..........#.........
#.##>...####.........
#.#####.# #......... ..#
#.## #.@.*..... ....
#..####l.......
#..##...##..###........
... .........(..*......
#..# ###.####%#(††......
# #.).(J).....
#............
#......<.....
..............


You could see a wyvern, a jelly and 2 friendly fulminant prisms.

Vanquished Creatures
  A hungry ghost (D:7)
  Menkaure (D:5)
  5 ice beasts
  An orc warrior (D:5)
  A sky beast (D:7)
  3 ogres
  3 phantoms
  4 centaurs
  3 bullfrogs
  A scorpion (D:5)
  4 jellies
  9 killer bees
  3 wights (D:7)
  2 crimson imps (D:7)
  2 hounds
  A bullfrog skeleton (D:6)
  2 orc priests (D:3)
  4 orc wizards
  2 iguanas
  6 worker ants
  2 hound skeletons (D:5)
  A howler monkey skeleton (D:7)
  A worker ant zombie (D:7)
  8 gnolls
  11 adders
  2 shadow imps
  3 oozes
  3 worms
  2 dart slugs (D:1)
  7 leopard geckos
  26 orcs
  8 bats
  5 giant cockroaches
  10 goblins
  7 hobgoblins
  6 jackals
  4 quokkas
  A ball python (D:1)
  8 frilled lizards
  6 kobolds
  2 leopard gecko skeletons (D:4)
  A quokka skeleton (D:6)
  9 rats
  A fulminant prism (D:8)
192 creatures vanquished.

Vanquished Creatures (others)
  A centaur (D:8)
  50 fulminant prisms
51 creatures vanquished.

Grand Total: 243 creatures vanquished

Notes
Turn   | Place    | Note
-------+----------+-------------------------------------------
     0 | D:1      | Folque the Demigod Conjurer began the quest for the Orb.
     0 | D:1      | Reached XP level 1. HP: 14/14 MP: 5/5
   324 | D:1      | Reached XP level 2. HP: 8/22 MP: 2/7
   328 | D:1      | Learned a level 2 spell: Searing Ray
   630 | D:1      | Reached skill level 4 in Conjurations
   963 | D:1      | Reached skill level 1 in Fighting
  1136 | D:2      | Reached XP level 3. HP: 28/28 MP: 3/9
  1141 | D:2      | Learned a level 3 spell: Dazzling Spray
  1456 | D:2      | Reached XP level 4. HP: 8/35 MP: 2/11
  2163 | D:3      | Reached skill level 1 in Hexes
  2164 | D:3      | Reached XP level 5. HP: 9/40 MP: 2/12
  2505 | D:3      | Learned a level 4 spell: Fulminant Prism
  3358 | D:4      | Found a hide-covered altar of Uskayaw.
  3359 | D:4      | Noticed an ogre
  3365 | D:4      | Killed an ogre
  3365 | D:4      | Reached skill level 5 in Conjurations
  3365 | D:4      | Reached XP level 6. HP: 47/47 MP: 4/13
  3759 | D:4      | Found a glowing golden altar of the Shining One.
  4690 | D:4      | Found a staircase to the Ecumenical Temple.
  4699 | Temple   | Entered the Ecumenical Temple
  4958 | D:5      | Entered Level 5 of the Dungeon
  5126 | D:5      | Reached XP level 7. HP: 26/52 MP: 14/14
  5154 | D:5      | Reached skill level 6 in Conjurations
  6289 | D:5      | Reached skill level 7 in Conjurations
  6289 | D:5      | Reached XP level 8. HP: 27/59 MP: 15/15
  6374 | D:5      | Noticed Menkaure
  6403 | D:5      | Killed Menkaure
  6403 | D:5      | Reached skill level 1 in Armour
  6403 | D:5      | Reached skill level 5 in Hexes
  6526 | D:6      | Found a sparkling altar of Nemelex Xobeh.
  6530 | D:6      | Found an ornate altar of the Wu Jian Council.
  6569 | D:6      | Found a hazy altar of Hepliaklqana.
  6734 | D:6      | Found an iron altar of Okawaru.
  6944 | D:6      | Found a glowing silver altar of Zin.
  7521 | D:7      | Reached skill level 5 in Armour
  7521 | D:7      | Reached XP level 9. HP: 41/70 MP: 6/16
  7600 | D:6      | Learned a level 3 spell: Static Discharge
  8547 | D:8      | Reached skill level 5 in Fighting
  8825 | D:8      | Slain by a wyvern

Skill      XL: |  1  2  3  4  5  6  7  8  9 |
---------------+----------------------------+-----
Spellcasting   | 2 3 |  3.0
Conjurations   | 4 5 7 |  7.9
Fighting       | 1 3 5 |  5.5
Hexes          | 1 3 4 5 |  5.0
Dodging        | 2 3 4 |  4.1
Armour         | 5 6 |  6.0
Stealth        | |  1.7

Action                   |  1- 3 |  4- 6 |  7- 9 || total
-------------------------+-------+-------+-------++-------
Melee: Unarmed           |    44 |       |       ||    44
       Mace              |    42 |    40 |       ||    82
       Short sword       |       |    24 |       ||    24
       Staff             |       |     1 |    42 ||    43
Throw: Javelin           |       |     1 |       ||     1
 Cast: Magic Dart        |    32 |    25 |    53 ||   110
       Searing Ray       |     4 |    21 |    43 ||    68
       Dazzling Spray    |     5 |     9 |    10 ||    24
       Fulminant Prism   |       |    12 |    41 ||    53
       Static Discharge  |       |       |     6 ||     6
  Use: Scroll            |       |     3 |       ||     3
       Potion            |       |       |     3 ||     3
 Stab: Sleeping          |     2 |     7 |       ||     9
       Invisible         |       |     1 |     1 ||     2
       Distracted        |       |       |     1 ||     1
  Eat: Chunk             |     2 |    13 |    18 ||    33
       Ration            |       |     1 |     1 ||     2
Armor: Robe              |    24 |     8 |    10 ||    42
       Ring mail         |       |       |     8 ||     8
Dodge: Dodged            |    87 |    64 |   102 ||   253
Block: Other             |       |     1 |    23 ||    24
       Reflection        |       |       |     2 ||     2
